 Dungeon Crawl Stone Soup version 0.21-a0-264-g3e31e41 (webtiles) character file.

10406 Leszczynek the Grappler (level 11, -5/107 HPs)
             Began as a Troll Skald on Sept 9, 2017.
             Was a Priest of Makhleb.
             Slain by a wolf spider (14 damage)
             ... on level 13 of the Dungeon.
             The game lasted 00:27:52 (4443 turns).

Leszczynek the Grappler (Troll Skald)               Turns: 4443, Time: 00:27:53

Health: -5/107     AC:  9    Str: 21    XL:     11   Next: 35%
Magic:  15/15      EV: 12    Int: 11    God:    Makhleb [***...]
Gold:   499        SH:  0    Dex: 10    Spells: 7/12 levels left

rFire    . . .     SeeInvis .     - Unarmed
rCold    + . .     Gourm    +   (no shield)
rNeg     . . .     Faith    .   J - +0 troll leather armour
rPois    .         Spirit   .   (helmet restricted)
rElec    .         Reflect  .   u - +1 cloak {+Inv}
rCorr    .         Harm     .   (gloves unavailable)
MR       .....                  (boots unavailable)
Stlth    ++........             (no amulet)
HPRegen  1.07/turn              B - ring of protection from cold
MPRegen  0.14/turn              C - ring of stealth

@: no status effects
A: unfitting armour, claws 3, fast metabolism 3, gourmand, regeneration 1,
shaggy fur 1, tough skin 2
a: Minor Destruction, Lesser Servant of Makhleb, Renounce Religion, Evoke
Invisibility


You were on level 13 of the Dungeon.
You worshipped Makhleb.
Makhleb was most pleased with you.
You were very full.

You visited 1 branch of the dungeon, and saw 13 of its levels.
You also visited: Sewer.

You collected 499 gold pieces.

Inventory:

Hand Weapons
 a - a +1 hand crossbow of flaming
 j - a +0 blowgun
 F - a +1 morningstar of flaming
Missiles
 i - 4 large rocks (quivered)
 w - 7 tomahawks
 I - 2 steel tomahawks
Armour
 u - a +1 cloak of invisibility (worn)
 J - a +0 troll leather armour (worn)
Jewellery
 B - a ring of protection from cold (left claw)
 C - a ring of stealth (right claw)
Wands
 p - a wand of polymorph (5/24)
 x - a wand of flame (29/48)
 A - a wand of random effects (21/48)
Scrolls
 g - a scroll of enchant armour
 l - a scroll of enchant weapon
 n - a scroll of fog {unknown}
 q - a scroll of blinking {unknown}
 r - a scroll of amnesia {unknown}
 s - a scroll of brand weapon {unknown}
 t - 3 scrolls of remove curse {@r2}
 y - 2 scrolls of teleportation
 E - 3 scrolls of magic mapping
 G - a scroll of noise {unknown}
 H - 2 scrolls of identify {@r1}
Potions
 c - a potion of might
 e - a potion of magic
 f - 2 potions of flight
 v - 3 potions of curing {@q1}
Books
 b - a book of Battle

   Spells                             Type                      Level
   a - Infusion                       Charms                       1
   b - Shroud of Golubria             Charms/Translocation         2
   c - Song of Slaying                Charms                       2
   d - Spectral Weapon                Hexes/Charms                 3
   e - Regeneration                   Charms/Necromancy            3
Miscellaneous
 D - a lamp of fire
Comestibles
 d - 5 bread rations
 h - 3 royal jellies
 m - 7 meat rations
 o - 24 fruits
 K - 6 chunks of flesh


   Skills:
 + Level 6.5 Fighting
 - Level 6.5 Dodging
 * Level 11.2 Unarmed Combat
 - Level 1.2 Spellcasting
 - Level 2.0 Charms
 - Level 7.6 Invocations
 + Level 3.0 Evocations


You had 7 spell levels left.
You knew the following spells:

 Your Spells              Type           Power        Failure   Level  Hunger
a - Infusion              Chrm           #...         16%         1    ##.....
b - Shroud of Golubria    Chrm/Tloc      #.........   36%         2    ###....
c - Song of Slaying       Chrm           #.......     24%         2    ###....


Dungeon Overview and Level Annotations

Branches:
Dungeon (13/15)              Lair (0/6) D:10
 Temple: D:4-7          Orc: D:9-12      Vaults: D:13-14

Altars:
Makhleb
Sif Muna
Wu Jian

Portals:
Trove: D:10 (show slimy rune of Zot)

Annotations:
D:5 Duvessa
D:6 Leszczynek's ghost, novice TrSk; Menkaure; Sigmund
D:10 unseen horror
D:12 azrael, unseen horror, exclusion: hydra, Josephine


Innate Abilities, Weirdness & Mutations

You are too large for most types of armour.
You have claws for hands.
Your metabolism is lightning-fast.
You like to eat raw meat.
Your natural rate of healing is unusually fast.
You are covered in fur. (AC +1)
You have very tough skin. (AC +2)


Message History

The wolf spider hits you but does no damage.
The wolf spider bites you!
* * * LOW HITPOINT WARNING * * *
You are lethally poisoned!
The wolf spider poisons you!
Your orange demon stings the wolf spider from afar.
You closely miss the wolf spider.
The wolf spider is almost dead.
* * * LOW HITPOINT WARNING * * *
You feel sick. The wolf spider hits you.
* * * LOW HITPOINT WARNING * * *
The wolf spider bites you!
* * * LOW HITPOINT WARNING * * *
Unknown command.
You feel better. The wolf spider hits you!
* * * LOW HITPOINT WARNING * * *
The wolf spider closely misses you.
Your orange demon barely misses the wolf spider.
The wolf spider hits you!
You die...

...... # ...... .#
....# ###. .... #..
..#.## #.#
#.#..###.### .#
#.##..#....#
..>####.##.......#
#........s@#.....#
##.......(##....#
##.....4........#
........รท........#
#........###.....##
..####..## ##...<.#
# #..# #####.....Y.
..... #......
###... .....Z


You could see a wolf spider and a friendly orange demon.

Vanquished Creatures
  A centaur warrior (D:10)
  An unseen horror (D:11)
  An ugly thing (D:11)
  A manticore (D:12)
  A cyclops (D:11)
  A gargoyle (D:10)
  4 centaur skeletons
  2 trolls (D:11)
  3 wraiths (D:12)
  3 yaks (D:11)
  2 hungry ghosts (D:10)
  2 hell hounds
  3 orc warriors
  3 ice beasts
  2 phantoms (D:11)
  A sky beast (D:5)
  A black bear (D:8)
  A necrophage (D:8)
  6 centaurs
  A crocodile (Sewer)
  2 big kobolds (D:10)
  5 bullfrogs
  2 scorpions (D:9)
  3 killer bees
  5 wights (D:12)
  2 howler monkeys
  3 crimson imps
  2 centaur zombies
  A quasit (D:10)
  A jelly (D:11)
  A bullfrog zombie (D:10)
  3 hounds
  3 orc priests
  8 orc wizards
  2 iguanas
  Ijyb (D:5)
  2 worker ants
  2 killer bee zombies (D:8)
  2 worker ant zombies
  Robin (D:3)
  9 adders
  2 river rats (D:6)
  A shadow imp (D:11)
  An ooze (D:2)
  2 worms (D:6)
  2 dart slugs (D:2)
  4 leopard geckos
  28 orcs
  A ball python (D:6)
  4 bats
  2 giant cockroaches (D:3)
  7 goblins
  7 hobgoblins
  8 jackals
  A quokka (D:9)
  2 frilled lizards
  A jackal skeleton (D:3)
  17 kobolds
  A leopard gecko skeleton (D:6)
  6 rats
  2 plants (D:10)
199 creatures vanquished.

Vanquished Creatures (collateral kills)
  A catoblepas (D:13)
  A two-headed ogre (D:10)
  Urug (D:12)
  A troll (D:13)
  A centaur (D:13)
5 creatures vanquished.

Vanquished Creatures (others)
  A fungus (D:12)
1 creature vanquished.

Grand Total: 205 creatures vanquished

Notes
Turn   | Place    | Note
-------+----------+-------------------------------------------
     0 | D:1      | Leszczynek the Troll Skald began the quest for the Orb.
     0 | D:1      | Reached XP level 1. HP: 19/19 MP: 1/1
   144 | D:2      | Reached XP level 2. HP: 27/27 MP: 2/2
   149 | D:2      | Learned a level 2 spell: Shroud of Golubria
   188 | D:2      | Reached skill level 3 in Unarmed Combat
   223 | D:2      | Found a burning altar of Makhleb.
   231 | D:2      | Became a worshipper of Makhleb the Destroyer
   349 | D:3      | Reached XP level 3. HP: 33/33 MP: 3/3
   359 | D:3      | Noticed Robin
   470 | D:3      | Reached skill level 4 in Unarmed Combat
   568 | D:3      | Reached XP level 4. HP: 41/41 MP: 4/4
   581 | D:3      | Killed Robin
   658 | D:3      | Noticed an ogre
   687 | D:4      | Noticed a bullfrog
   693 | D:4      | Killed a bullfrog
   693 | D:4      | Reached skill level 5 in Unarmed Combat
   693 | D:4      | Reached XP level 5. HP: 48/48 MP: 2/5
   806 | D:5      | Entered Level 5 of the Dungeon
   830 | D:5      | Noticed a sky beast
   860 | D:5      | Killed a sky beast
   860 | D:5      | Reached * piety under Makhleb
   860 | D:5      | Reached skill level 6 in Unarmed Combat
   932 | D:4      | Reached XP level 6. HP: 55/55 MP: 6/6
  1024 | D:5      | Noticed Ijyb
  1033 | D:5      | Killed Ijyb
  1128 | D:6      | Noticed Sigmund
  1193 | D:5      | Noticed an ice beast
  1204 | D:5      | Killed an ice beast
  1204 | D:5      | Reached skill level 7 in Unarmed Combat
  1205 | D:5      | Noticed Duvessa
  1250 | D:6      | HP: 10/55 [orc (3)]
  1252 | D:6      | Reached XP level 7. HP: 12/62 MP: 7/7
  1316 | D:6      | Reached skill level 8 in Unarmed Combat
  1324 | D:6      | Noticed Leszczynek's ghost (novice TrSk)
  1328 | D:6      | Noticed Menkaure
  1442 | D:6      | Found a glowing drain.
  1483 | Sewer    | Entered a sewer
  1501 | Sewer    | Reached skill level 2 in Fighting
  1554 | Sewer    | Reached skill level 2 in Dodging
  1558 | Sewer    | Learned a level 2 spell: Song of Slaying
  1842 | D:8      | Reached skill level 3 in Fighting
  1896 | D:8      | Reached XP level 8. HP: 49/74 MP: 3/8
  2083 | D:8      | Reached ** piety under Makhleb
  2083 | D:8      | Reached skill level 4 in Fighting
  2083 | D:8      | Reached skill level 3 in Dodging
  2372 | D:9      | Reached skill level 5 in Fighting
  2372 | D:9      | Reached skill level 9 in Unarmed Combat
  2394 | D:9      | Reached skill level 1 in Invocations
  2400 | D:9      | Found an ornate altar of the Wu Jian Council.
  2478 | D:10     | Entered Level 10 of the Dungeon
  2500 | D:9      | Reached skill level 2 in Invocations
  2538 | D:9      | Found a deep blue altar of Sif Muna.
  2624 | D:10     | Reached skill level 4 in Dodging
  2624 | D:10     | Reached XP level 9. HP: 88/88 MP: 8/10
  2626 | D:10     | Reached skill level 3 in Invocations
  2675 | D:10     | Noticed a centaur warrior
  2690 | D:10     | Killed a centaur warrior
  2690 | D:10     | Reached skill level 5 in Invocations
  2770 | D:10     | Reached skill level 5 in Dodging
  2806 | D:10     | Reached *** piety under Makhleb
  2840 | D:10     | Found a portal to a secret trove of treasure.
  2850 | D:10     | Reached skill level 6 in Invocations
  2937 | D:10     | trove: silme rune
  2943 | D:10     | Noticed a gargoyle
  2953 | D:10     | Killed a gargoyle
  2969 | D:10     | Noticed a two-headed ogre
  3034 | D:10     | Killed a two-headed ogre
  3034 | D:10     | Reached skill level 7 in Invocations
  3034 | D:10     | Reached XP level 10. HP: 36/96 MP: 12/14
  3090 | D:10     | Found a staircase to the Lair.
  3125 | D:11     | HP: 16/96 [troll (10)]
  3257 | D:11     | Reached skill level 6 in Dodging
  3335 | D:12     | Noticed a deep elf mage
  3373 | D:11     | Killed an unseen horror
  3541 | D:11     | Noticed a cyclops
  3581 | D:11     | Killed a cyclops
  3623 | D:11     | Noticed a brown ugly thing
  3709 | D:11     | Killed a brown ugly thing
  3709 | D:11     | Reached skill level 10 in Unarmed Combat
  3795 | D:12     | Noticed Urug
  3806 | D:12     | Reached skill level 1 in Evocations
  3814 | D:12     | Killed Urug
  3819 | D:12     | HP: 17/98 [hell hound/blast of flame[Azrael] (17)]
  3820 | D:12     | Noticed a deep elf mage
  3961 | D:11     | Reached skill level 6 in Fighting
  3964 | D:11     | Reached XP level 11. HP: 89/105 MP: 15/15
  3970 | D:11     | Reached skill level 2 in Evocations
  4120 | D:12     | Noticed a five-headed hydra
  4177 | D:12     | Noticed Josephine
  4324 | D:13     | Noticed a catoblepas
  4334 | D:13     | Reached skill level 11 in Unarmed Combat
  4379 | D:13     | Killed a catoblepas
  4417 | D:12     | Reached skill level 3 in Evocations
  4433 | D:13     | Noticed a wolf spider
  4441 | D:13     | HP: 20/107 [wolf spider (8)]
  4443 | D:13     | HP: 9/107 [wolf spider (11)]
  4443 | D:13     | Slain by a wolf spider

Vault maps used:
D:1:      shiori_arrival_maze, nrook_loot_triangle
D:2:      amethyst_overflow_temple_binary, corner_web_ring,
          okawaru_altar_gauntlet_db
D:3:      nicolae_gozag_seed_capital, grunt_dithmenos_smoke, zin_academy,
          first_bread, kennysheep_generic_room_9, uniq_robin
D:4:      serial_shops, nicolae_shop_temple_entry_statues_fountains,
          minmay_misc_feat_diagonals
D:5:      uniq_duvessa, uniq_ijyb
D:6:      temple_fountains, portal_sewer_entry_b, uniq_sigmund, uniq_menkaure
D:7:      nicolae_overflow_hidden_temple
D:8:      chequers_temple_overflow_statue_of_worship, kennysheep_little_box,
          blue_anna_alchemist, nicolae_sextant
D:9:      overflow_temple_1_default, overflow_temple_1_default
D:10:     dpeg_oklobed_lair, enter_trove_1
D:12:     minmay_misc_feat_cross, fedhas_altar_3, uniq_azrael, uniq_josephine,
          uniq_urug
D:13:     erik_vaults_1, kennysheep_kite_vault, uniq_maurice
Sewer:    sewer_the_crocodile

Skill      XL: |  1  2  3  4  5  6  7  8  9 10 11 |
---------------+----------------------------------+-----
Unarmed Combat | 3 4 5 6 7 8 9 10 11 | 11.2
Fighting       | 3 5 6 |  6.5
Dodging        | 2 4 5 6 |  6.5
Invocations    | 2 7 |  7.6
Evocations     | 1 3 |  3.0
Spellcasting   | |  1.2
Charms         | |  2.0

Action                   |  1- 3 |  4- 6 |  7- 9 | 10-12 || total
-------------------------+-------+-------+-------+-------++-------
Melee: Unarmed           |    97 |   114 |   292 |   250 ||   753
       Punch             |     2 |     1 |    10 |     9 ||    22
Throw: Tomahawk          |       |       |     1 |       ||     1
       Large rock        |       |       |       |     1 ||     1
 Cast: Shroud of Golubri |     1 |     2 |     6 |     2 ||    11
Invok: Minor Destruction |       |       |     2 |       ||     2
       Lesser Servant of |       |       |     1 |     6 ||     7
Evoke: Lamp of fire      |       |       |       |     1 ||     1
  Use: Scroll            |       |       |     9 |     4 ||    13
       Potion            |       |       |     3 |     3 ||     6
 Stab: Sleeping          |       |       |     4 |       ||     4
       Petrified         |       |       |       |     1 ||     1
  Eat: Chunk             |    10 |     5 |    30 |    21 ||    66
Armor: Robe              |    35 |    25 |    98 |     2 ||   160
       Troll leather arm |       |       |       |    72 ||    72
       Skin              |       |       |       |     3 ||     3
Dodge: Dodged            |    47 |    63 |   154 |    97 ||   361

Table legend:
 A = Spawn XP
 B = Non-spawn XP
 C = Spawn XP percentage of total XP
 D = Spawn monster count
 E = Non-spawn monster count
 F = Spawn count percentage of total count
 G = Total turns spent on level
                    A         B        C        D         E        F      G
               +---------+---------+-------+---------+---------+-------+---------
         Total |       0 |   14866 |   0.0 |       0 |     202 |   0.0 |  4443
               +---------+---------+-------+---------+---------+-------+---------
           D:2 |       0 |      45 |   0.0 |       0 |      13 |   0.0 |   379
           D:3 |       0 |      97 |   0.0 |       0 |      28 |   0.0 |   377
           D:4 |       0 |     124 |   0.0 |       0 |       3 |   0.0 |    77
           D:5 |       0 |     328 |   0.0 |       0 |      10 |   0.0 |   388
           D:6 |       0 |     319 |   0.0 |       0 |      14 |   0.0 |   308
           D:7 |       0 |      53 |   0.0 |       0 |       5 |   0.0 |   120
           D:8 |       0 |     812 |   0.0 |       0 |      11 |   0.0 |   403
           D:9 |       0 |     683 |   0.0 |       0 |      16 |   0.0 |   381
          D:10 |       0 |    3253 |   0.0 |       0 |      40 |   0.0 |   639
          D:11 |       0 |    4516 |   0.0 |       0 |      32 |   0.0 |   770
          D:12 |       0 |    2729 |   0.0 |       0 |      17 |   0.0 |   352
          D:13 |       0 |    1792 |   0.0 |       0 |       7 |   0.0 |   108
         Sewer |       0 |     115 |   0.0 |       0 |       6 |   0.0 |   134
               +---------+---------+-------+---------+---------+-------+---------
